 Dungeon Crawl Stone Soup version 0.20-a0-792-g09bcfd3 (webtiles) character file.

644 esteth the Spear-Bearer (level 7, -3/50 HPs)
             Began as a Merfolk Skald on Feb 28, 2017.
             Slain by a wight
             ... wielding a +4 long sword
              (11 damage)
             ... on level 7 of the Dungeon.
             The game lasted 00:11:43 (2522 turns).

esteth the Spear-Bearer (Merfolk Skald)             Turns: 2522, Time: 00:11:43

Health: -3/50      AC:  3    Str: 13    XL:     7   Next: 52%
Magic:  6/10       EV: 12    Int: 16    God:
Gold:   78         SH:  2    Dex: 18    Spells: 4/10 levels left

rFire    + . .     SeeInvis .   a - +0 spear
rCold    + . .     Gourm    .   b - +0 leather armour
rNeg     . . .     Faith    .   (no shield)
rPois    .         Spirit   .   (no helmet)
rElec    .         Reflect  +   n - scarf {rC+ rF+}
rCorr    .         Harm     .   (no gloves)
MR       .....                  (no boots)
Stlth    +.........             l - +2 amulet of reflection
Regen    0.6/turn               (no ring)
MPRegen  0.2/turn               o - +2 ring of intelligence

@: very slightly contaminated, drained, invisible
A: change form in water, swift swim, stealthy swim, agile 1, clever 1,
regeneration 1, strong 1
a: no special abilities


You were on level 7 of the Dungeon.
You were not hungry.

You visited 1 branch of the dungeon, and saw 7 of its levels.

You collected 78 gold pieces.

Inventory:

Hand Weapons
 a - a +0 spear (weapon)
Armour
 b - a +0 leather armour (worn)
 n - a scarf of resistance (worn)
 p - a cursed +0 buckler
Jewellery
 l - a +2 amulet of reflection (around neck)
 o - a +2 ring of intelligence (left hand)
Scrolls
 e - 2 scrolls of identify
 f - a scroll of noise {unknown}
 g - 4 scrolls of remove curse
 h - a scroll of enchant weapon {unknown}
 m - 3 scrolls of teleportation
Potions
 k - a potion of invisibility
 q - 2 potions of brilliance
Books
 c - a book of Battle

   Spells                             Type                      Level
   a - Infusion                       Charms                       1
   b - Shroud of Golubria             Charms/Translocation         2
   c - Song of Slaying                Charms                       2
   d - Spectral Weapon                Hexes/Charms                 3
   e - Regeneration                   Charms/Necromancy            3
Comestibles
 d - a bread ration
 i - 2 royal jellies


   Skills:
 - Level 2.1(1.5) Fighting
 + Level 9.2(8.4) Polearms
 - Level 0.6(0.0) Armour
 - Level 2.6(2.0) Dodging
 - Level 2.0(1.3) Spellcasting
 - Level 4.1(3.4) Hexes
 - Level 4.2(3.5) Charms


You had 4 spell levels left.
You knew the following spells:

 Your Spells              Type           Power        Failure   Level  Hunger
a - Infusion              Chrm           ##..         10%         1    ##.....
b - Shroud of Golubria    Chrm/Tloc      #.........   21%         2    ###....
c - Spectral Weapon       Hex/Chrm       ##......     24%         3    ####...


Dungeon Overview and Level Annotations

Branches:
Dungeon (7/15)
 Temple: D:4-7

Altars:
Trog


Innate Abilities, Weirdness & Mutations

You revert to your normal form in water.
You are very nimble and swift while swimming.
You are very stealthy in the water. (Stealth+)
You are agile. (Dex +2)
Your mind is acute. (Int +2)
Your natural rate of healing is unusually fast.
Your muscles are strong. (Str +2)


Message History

The wight hits your spectral weapon with an enchanted long sword!
Your spectral weapon shares its damage with you!
* * * LOW HITPOINT WARNING * * *
Attack whom?
Press: ? - help, Dir - move target cursor, f/p - wight
Aim: a wight, wielding an enchanted long sword and wearing a robe You reach to attack!
You hit the wight.
The wight is lightly damaged.
Your spectral weapon barely misses the wight.
The wight hits your spectral weapon with an enchanted long sword.
Attack whom?
Press: ? - help, Dir - move target cursor, f/p - wight
Aim: a wight, wielding an enchanted long sword and wearing a robe (lightly damaged)
You reach to attack!
You hit the wight but do no damage.
The wight is lightly damaged.
Your spectral weapon fades away.
You fade into invisibility!
You are very lightly contaminated with residual magic.
The wight hits you with an enchanted long sword!
You die...

#.# #...
##......... #.#
#..# #..###.###.
#.# #..# #..#
#..(รท. #.)#
##h###.#### #..#
#..........
#..###
##.########
#....# #)#####
.###.##.########
#.)...#
......>#....)z@#
#####.#
###.###.########
#.# #. #.# #.#
#. #.# #.# ##
#.# #.# #.# #.#
#.######## #.#
#........# #.#
########.# ###.#


You could see a wight.

Vanquished Creatures
  An ogre (D:7)
  A phantom (D:7)
  A scorpion (D:4)
  2 wights (D:7)
  2 howler monkeys
  A crimson imp (D:7)
  A hound (D:7)
  A centaur skeleton (D:7)
  Jessica (D:2)
  A worker ant (D:4)
  A hound zombie (D:5)
  4 gnolls
  An adder (D:7)
  An adder skeleton (D:3)
  2 worms
  A dart slug (D:1)
  A leopard gecko (D:5)
  2 orcs (D:6)
  A ball python (D:1)
  4 bats
  A giant cockroach (D:1)
  3 goblins
  5 hobgoblins
  2 quokkas
  A frilled lizard (D:1)
  12 kobolds
  5 rats
59 creatures vanquished.

Vanquished Creatures (others)
  2 spectral weapons (D:7)
2 creatures vanquished.

Grand Total: 61 creatures vanquished

Notes
Turn   | Place    | Note
-------+----------+-------------------------------------------
     0 | D:1      | esteth the Merfolk Skald began the quest for the Orb.
     0 | D:1      | Reached XP level 1. HP: 16/16 MP: 3/3
    28 | D:1      | Gained mutation: Your spells are a little easier to cast, but a little less powerful. [potion of mutation]
    28 | D:1      | Gained mutation: You have very sharp teeth. [potion of mutation]
    86 | D:1      | Reached skill level 4 in Polearms
    86 | D:1      | Reached XP level 2. HP: 20/22 MP: 5/5
   166 | D:1      | Lost mutation: Your spells are a little easier to cast, but a little less powerful. [potion of mutation]
   166 | D:1      | Lost mutation: You have very sharp teeth. [potion of mutation]
   166 | D:1      | Gained mutation: You are agile. (Dex +2) [potion of mutation]
   166 | D:1      | Gained mutation: Your muscles are strong. (Str +2) [potion of mutation]
   166 | D:1      | Gained mutation: Your natural rate of healing is unusually fast. [potion of mutation]
   166 | D:1      | Gained mutation: Your mind is acute. (Int +2) [potion of mutation]
   284 | D:1      | Reached skill level 5 in Polearms
   284 | D:1      | Reached XP level 3. HP: 25/27 MP: 6/6
   730 | D:2      | Noticed Jessica
   744 | D:2      | Killed Jessica
   744 | D:2      | Reached skill level 6 in Polearms
   786 | D:2      | Reached XP level 4. HP: 33/33 MP: 7/7
  1127 | D:3      | Noticed a moth of wrath
  1130 | D:3      | Found a bloodstained altar of Trog.
  1298 | D:4      | Learned a level 2 spell: Shroud of Golubria
  1324 | D:4      | Reached skill level 7 in Polearms
  1324 | D:4      | Reached XP level 5. HP: 38/38 MP: 5/8
  1382 | D:5      | Entered Level 5 of the Dungeon
  1500 | D:5      | Reached skill level 8 in Polearms
  1569 | D:5      | Learned a level 3 spell: Spectral Weapon
  1592 | D:5      | You fall through a shaft for 2 floors!
  1663 | D:7      | Reached skill level 1 in Hexes
  1743 | D:7      | Noticed a phantom
  1771 | D:6      | Reached XP level 6. HP: 29/44 MP: 9/9
  1837 | D:6      | Noticed an orc warrior
  1964 | D:7      | Killed a phantom
  2158 | D:7      | Reached XP level 7. HP: 48/50 MP: 5/10
  2189 | D:7      | Noticed a spriggan baker
  2502 | D:7      | HP: 2/50 [wight/enchanted long sword (14)]
  2516 | D:7      | Reached skill level 9 in Polearms
  2522 | D:7      | Slain by a wight

Vault maps used:
D:1:      tarquinn_simple_flora_water_f
D:2:      uniq_jessica
D:3:      tgw_trog, uniq_sigmund
D:4:      first_bread
D:5:      hangedman_decor_riveting, uniq_prince_ribbit1
D:6:      old_standard_altar
D:7:      minmay_temple_entry_poolview, the_bakery

Skill      XL: |  1  2  3  4  5  6  7 |
---------------+----------------------+-----
Polearms       | 4 5 6 7 8 9 |  9.2
Hexes          | 2 4 |  4.1
Charms         | 4 |  4.2
Fighting       | |  2.1
Armour         | |  0.6
Dodging        | |  2.6
Spellcasting   | |  2.0

Action                   |  1- 3 |  4- 6 |  7- 9 || total
-------------------------+-------+-------+-------++-------
Melee: Spear             |   102 |   176 |   119 ||   397
       Bite              |     1 |       |       ||     1
 Cast: Shroud of Golubri |       |     6 |     5 ||    11
       Infusion          |       |     3 |     1 ||     4
       Spectral Weapon   |       |     4 |     2 ||     6
  Use: Potion            |     6 |       |     2 ||     8
       Scroll            |     4 |       |     1 ||     5
 Stab: Sleeping          |       |     2 |       ||     2
       Distracted        |       |     1 |       ||     1
  Eat: Chunk             |       |     5 |     2 ||     7
Armor: Leather armour    |    18 |    26 |     8 ||    52
Dodge: Dodged            |    46 |    90 |    36 ||   172
Block: Other             |       |     5 |     6 ||    11
